 Dungeon Crawl Stone Soup version 0.29-a0-620-g13ace881f2 (webtiles) character file.

Game seed: 11905993482752227385

62 Zonian the Chiller (level 4, -5/21 HPs)
             Began as a Vine Stalker Ice Elementalist on June 18, 2022.
             Was a Follower of Makhleb.
             Slain by Crazy Yiuf
             ... wielding a +3 quarterstaff of chaos
              (7 damage)
             ... on level 2 of the Dungeon.
             The game lasted 00:03:41 (2691 turns).

Zonian the Chiller (Vine Stalker Ice Elementalist)  Turns: 2691, Time: 00:03:42

Health: -5/21      AC:  2    Str: 11    XL:     4   Next: 8%
Magic:  0/18       EV: 12    Int: 15    God:    Makhleb [*.....]
Gold:   69         SH:  0    Dex: 16    Spells: 4/8 levels left

rFire   . . .      SeeInvis .   h - +0 dagger
rCold   . . .      Faith    .   (no shield)
rNeg    . . .      Spirit   +   a - +0 robe
rPois   .          Reflect  .   (no helmet)
rElec   .          Harm     .   (no cloak)
rCorr   .          Rampage  .   (no gloves)
Will    .....                   (no boots)
Stlth   ++........              (no amulet)
HPRegen 0.87/turn               k - ring of wizardry
MPRegen 0.16/turn               j - ring of magical power

@: no status effects
A: fangs 2, regeneration 1, magic shield, antimagic bite, no potion heal 2
a: Renounce Religion


You were on level 2 of the Dungeon.
You worshipped Makhleb.
Makhleb was aware of your devotion.
You visited 1 branch of the dungeon, and saw 2 of its levels.

You collected 69 gold pieces.

Inventory:

Hand Weapons
 h - a +0 dagger (weapon)
Armour
 a - a +0 robe (worn)
Jewellery
 f - a ring of see invisible
 j - a ring of magical power (right hand)
 k - a ring of wizardry (left hand)
 o - a ring of flight
Scrolls
 e - a scroll of fear {unknown}
 g - 2 scrolls of teleportation {unknown}
 i - 2 scrolls of blinking {unknown}
 m - a scroll of identify {unknown}
Potions
 b - 3 potions of magic
 c - a potion of brilliance {unknown}
 d - 2 potions of curing {unknown}
 l - a potion of lignification {unknown}


   Skills:
 + Level 2.1 Dodging
 + Level 3.4 Stealth
 + Level 2.8 Spellcasting
 + Level 4.4 Ice Magic
 + Level 0.1 Invocations


You had 4 spell levels left.
You knew the following spells:

 Your Spells              Type           Power      Damage    Failure   Level
a - Freeze                Ice            60%        1d8       1%          1
b - Frozen Ramparts       Ice            30%        1d5       4%          3

Your spell library contained the following spells:

 Spells                   Type           Power      Damage    Failure   Level
 Ozocubu's Armour         Ice            15%        N/A       4%          3
 Hailstorm                Conj/Ice       8%         3d4       32%         4


Dungeon Overview and Level Annotations

Branches:
Dungeon (2/15)

Altars:
Makhleb

Annotations:
D:2 Crazy Yiuf


Innate Abilities, Weirdness & Mutations

You have extremely sharp teeth.
Your natural rate of healing is unusually fast.
When hurt, damage is shared between your health and your magic reserves.
Your bite disrupts and absorbs the magic of your enemies.
Potions cannot restore your health.


Message History

You see here a +0 robe.
Key pressed, stopping explore.
Unknown command.
Crazy Yiuf says, "I'm not crazy!"
You open the door.
Casting: Freeze (safe; 1% risk of failure)
Confirm with . or Enter, or press ? or * to list all spells.
Aiming: Freeze (safe; 1% risk of failure)
Press: ? - help, Shift-Dir - straight line, f - Crazy Yiuf
Aim: Crazy Yiuf, wielding a +3 quarterstaff of chaos and wearing a +0 cloak You freeze Crazy Yiuf.
Crazy Yiuf is moderately wounded.
Crazy Yiuf drinks a potion.
Crazy Yiuf seems to grow stronger.
Unknown command.
Casting: Freeze (safe; 1% risk of failure)
Confirm with . or Enter, or press ? or * to list all spells.
Aiming: Freeze (safe; 1% risk of failure)
Press: ? - help, Shift-Dir - straight line, f/p - Crazy Yiuf
Aim: Crazy Yiuf, wielding a +3 quarterstaff of chaos and wearing a +0 cloak (moderately wounded, strong)
You freeze Crazy Yiuf.
Crazy Yiuf is heavily wounded.
Crazy Yiuf hits you with a +3 quarterstaff of chaos!!
Ouch! That really hurt!
Crazy Yiuf freezes you!
* * * LOW HITPOINT WARNING * * *
Unknown command.
It was a potion of cancellation.
You feel magically purged. Crazy Yiuf closely misses you.
Magic courses through your body.
Crazy Yiuf hits you with a +3 quarterstaff of chaos!
* * * LOW HITPOINT WARNING * * *
Casting: Freeze (safe; 1% risk of failure)
Confirm with . or Enter, or press ? or * to list all spells.
Aiming: Freeze (safe; 1% risk of failure)
Press: ? - help, Shift-Dir - straight line, f/p - Crazy Yiuf
Aim: Crazy Yiuf, wielding a +3 quarterstaff of chaos and wearing a +0 cloak (heavily wounded, strong)
You freeze Crazy Yiuf!
Crazy Yiuf is almost dead.
Crazy Yiuf hits you with a +3 quarterstaff of chaos!
You die...

## #. #. #. #. ####♣♣ ### #.
##....♣♣ ♣♣#..)# #.
#......♣♣♣♣@g...# #.
#.......♣..♣#...# #.
######.#....♣.♣♣♣ ### ##
........##♣♣♣♣♣ #########
##### #############...#
#...............#
######.#........#
#################..#########


You could see Crazy Yiuf (strong).

Vanquished Creatures
  2 adders (D:2)
  A worm (D:2)
  A dart slug (D:1)
  5 ball pythons
  3 bats
  4 endoplasms
  4 goblins
  4 hobgoblins
  A quokka (D:2)
  2 frilled lizards (D:2)
  5 kobolds
  4 rats
36 creatures vanquished.

Vanquished Creatures (others)
  6 fungi (D:2)
  3 plants (D:2)
9 creatures vanquished.

Grand Total: 45 creatures vanquished

Notes
Turn   | Place    | Note
-------+----------+-------------------------------------------
     0 | D:1      | Zonian the Vine Stalker Ice Elementalist began the quest
                  | for the Orb.
     0 | D:1      | Reached XP level 1. HP: 9/9 MP: 4/4
   380 | D:1      | Reached XP level 2. HP: 13/13 MP: 6/6
  1223 | D:2      | Reached XP level 3. HP: 6/16 MP: 7/7
  1431 | D:2      | Learned a level 3 spell: Frozen Ramparts
  1554 | D:2      | Found a faded altar of an unknown god.
  1660 | D:2      | Prayed at the altar of an unknown god.
  1660 | D:2      | Became a worshipper of Makhleb the Destroyer
  1660 | D:2      | Reached * piety under Makhleb
  2236 | D:2      | Gained mutation: Your natural rate of healing is unusually
                  | fast. [Vine Stalker growth]
  2236 | D:2      | Reached XP level 4. HP: 19/21 MP: 9/9
  2572 | D:2      | Found a runed translucent door.
  2573 | D:2      | Noticed Crazy Yiuf
  2690 | D:2      | HP: 1/21 [Crazy Yiuf/+3 quarterstaff of chaos (4)]
  2691 | D:2      | Slain by Crazy Yiuf

Illustrated notes

Levels and vault maps discovered:
D:1:      nzn_arrival_depleted_hourglass, layout_basic
D:2:      layout_basic, shapermc_ecumenical_altar_mp_ritualfount,
          uniq_crazy_yiuf_cottage

Skill      XL: |  1  2  3 |
---------------+----------+-----
Stealth        | 3 |  3.4
Dodging        | 2 |  2.1
Spellcasting   | |  2.8
Ice Magic      | |  4.4
Invocations    | |  0.1

Action                   |  1- 3 |  4- 6 || total
-------------------------+-------+-------++-------
Melee: Unarmed           |    13 |       ||    13
       Dagger            |   112 |     3 ||   115
       Bite              |    37 |     1 ||    38
       Punch             |     2 |       ||     2
 Cast: Freeze            |     5 |     3 ||     8
  Use: Potion            |       |     2 ||     2
 Stab: Sleeping          |     5 |     2 ||     7
Armor: Robe              |    22 |       ||    22
Dodge: Dodged            |    73 |     2 ||    75

Table legend: (Time is in decaauts)
 A = Elapsed time spent in this place.
 B = Non-inter-level travel time spent in this place.
 C = Inter-level travel time spent in this place.
 D = Time resting spent in this place.
 E = Time spent auto-exploring this place.
 F = Levels seen in this place.
 G = Mean time per level.
                   A        B        C        D        E       F      G
               +--------+--------+--------+--------+--------+-----+--------+
         Total |   2689 |   2648 |     41 |    491 |   1708 |   2 | 1344.5 |
       Dungeon |   2689 |   2648 |     41 |    491 |   1708 |   2 | 1344.5 |
               +--------+--------+--------+--------+--------+-----+--------+

Top non-repeatable levels by time:
     D:2: 1483 daAuts
     D:1: 1205 daAuts
